[Event "November 21 Early 2023"]
[Site "https://www.chess.com"]
[Date "2023.11.21"]
[Round "7"]
[White "Nazari, Arad"]
[Black "Pinero Rodriguez, Carlos Jose"]
[Result "1-0"]
[Board "89"]
[TimeControl "180+1"]
[WhiteFideId "12577324"]
[BlackFideId "3901726"]
[WhiteElo "2100"]
[BlackElo "2191"]
[WhiteTeam "IRI"]
[BlackTeam "VEN"]
[WhiteClock "0:01:20"]
[BlackClock "0:00:35"]

1. e4 c5 2. Nf3 e6 3. d4 cxd4 4. Nxd4 a6 5. Bd3 Qc7 6. O-O Nf6 7. Qe2 h5 8. f4 Bc5 9. c3 Nc6 10. Be3 Ng4 11. Nd2 b5 12. h3 Nxe3 13. Qxe3 Bb7 14. N2f3 f6 15. e5 f5 16. Kh1 h4 17. Nxb5 Qb6 18. Nbd4 Qa7 19. b4 Bb6 20. a4 a5 21. b5 Ne7 22. Qd2 Rc8 23. Rad1 Nd5 24. c4 Bxd4 25. Nxd4 Qxd4 26. cxd5 Qxd5 27. b6 Rc3 28. Bxf5 Rxh3+ 29. Bxh3 1-0

[Event "November 21 Early 2023"]
[Site "https://www.chess.com"]
[Date "2023.11.21"]
[Round "7"]
[White "Krzyzanowski, Marcin"]
[Black "Ramla2020"]
[Result "1-0"]
[Board "90"]
[TimeControl "180+1"]
[WhiteFideId "1132199"]
[WhiteElo "2471"]
[BlackElo "2470"]
[WhiteTeam "POL"]
[WhiteClock "0:00:23"]
[BlackClock "0:01:25"]

1. e4 e5 2. Nf3 d6 3. d4 Nd7 4. Bc4 c6 5. dxe5 dxe5 6. O-O Be7 7. Qe2 b5 8. Bb3 Ngf6 9. Rd1 Qc7 10. c3 Nc5 11. Bc2 O-O 12. Nbd2 a5 13. Nf1 a4 14. Ng3 Re8 15. h3 h6 16. Be3 Bf8 17. Nh4 Ne6 18. Nhf5 Nf4 19. Qf3 g6 20. Nd4 Bg7 21. Bxf4 exf4 22. Nge2 Nh5 23. Nf5 Be6 24. Nxg7 Kxg7 25. Nd4 Bc4 26. b3 axb3 27. axb3 Rxa1 28. Rxa1 Be6 29. Nf5+ Bxf5 30. exf5 Qe5 31. fxg6 fxg6 32. Qxc6 Re7 33. Qxg6+ Kf8 34. Ra8+ Re8 35. Rxe8+ Qxe8 36. Qxe8+ Kxe8 37. Bg6+ 1-0

[Event "November 21 Early 2023"]
[Site "https://www.chess.com"]
[Date "2023.11.21"]
[Round "7"]
[White "Pourkashiyan, Atousa"]
[Black "Pourramezanali, Amirreza"]
[Result "0-1"]
[Board "91"]
[TimeControl "180+1"]
[WhiteFideId "12502014"]
[BlackFideId "12511412"]
[WhiteElo "2221"]
[BlackElo "2302"]
[WhiteTeam "USA"]
[BlackTeam "IRI"]
[WhiteClock "0:00:00"]
[BlackClock "0:02:12"]

1. e4 c6 2. d4 d5 3. exd5 cxd5 4. Bd3 Nf6 5. c3 Bg4 6. f3 Bh5 7. Ne2 Nc6 8. O-O e6 9. Bg5 Bd6 10. Nd2 Qc7 11. g3 Bg6 12. Nb3 Nd7 13. Bf4 O-O 14. Bxd6 Qxd6 15. Bxg6 hxg6 16. Nf4 b6 17. Re1 Rfe8 18. Qd2 Rad8 19. Rad1 a5 20. Nc1 e5 21. dxe5 Ndxe5 22. Kg2 d4 23. b3 g5 24. Nfd3 Qd5 25. Nxe5 Nxe5 26. Rxe5 Rxe5 27. cxd4 Re6 28. g4 Rc8 29. Ne2 Rec6 30. Qe3 Rc2 31. Rd2 Qb5 32. Kf2 Rxd2 33. Qxd2 Qd5 34. Nc3 Qd6 35. Kg2 Qb4 0-1

[Event "November 21 Early 2023"]
[Site "https://www.chess.com"]
[Date "2023.11.21"]
[Round "7"]
[White "Sattarov, Bobir"]
[Black "Kopczynski, Michal"]
[Result "1-0"]
[Board "92"]
[TimeControl "180+1"]
[WhiteFideId "14203081"]
[BlackFideId "1124200"]
[WhiteElo "2351"]
[BlackElo "2174"]
[WhiteTeam "UZB"]
[BlackTeam "POL"]
[WhiteClock "0:02:11"]
[BlackClock "0:01:56"]

1. e4 b6 2. a4 Bb7 3. Nc3 e6 4. a5 bxa5 5. Rxa5 c5 6. Ra1 Nf6 7. d3 d5 8. e5 Nfd7 9. f4 d4 10. Ne4 Nxe5 11. fxe5 Bxe4 12. dxe4 Qh4+ 13. Ke2 Qxe4+ 14. Kf2 Qxe5 15. Nf3 Qd6 16. Bb5+ Nd7 17. c3 e5 18. Nxe5 Qxe5 19. Re1 Bd6 20. Rxe5+ Bxe5 21. Qf3 O-O-O 22. Qc6+ Kb8 23. Ba6 1-0

[Event "November 21 Early 2023"]
[Site "https://www.chess.com"]
[Date "2023.11.21"]
[Round "7"]
[White "Begunov, Konstantin"]
[Black "Ambartsumova, Karina"]
[Result "0-1"]
[Board "93"]
[TimeControl "180+1"]
[WhiteFideId "4118510"]
[BlackFideId "4166299"]
[WhiteElo "1989"]
[BlackElo "2240"]
[WhiteTeam "RUS"]
[BlackTeam "RUS"]
[WhiteClock "0:00:01"]
[BlackClock "0:01:04"]

1. d4 Nf6 2. c4 e6 3. Nf3 d5 4. cxd5 exd5 5. Nc3 Be7 6. Bg5 c6 7. Qc2 Nbd7 8. e3 h6 9. Bh4 Nh5 10. Bxe7 Qxe7 11. O-O-O Nb6 12. Bd3 Be6 13. Ne5 O-O-O 14. g4 Nf6 15. f3 Kb8 16. h4 Nfd7 17. f4 Nxe5 18. dxe5 Bxg4 19. Rdg1 h5 20. Na4 Nxa4 21. Qxa4 Qc5+ 22. Kb1 Qxe3 23. Bc2 d4 24. Re1 Qd2 25. Rhf1 d3 26. Bd1 Bf5 27. Qc4 Rd5 28. Bf3 Rb5 29. b3 Rd8 30. Be4 Be6 31. Qc1 Qb4 32. Qd1 Qc3 33. Qc1 Qd4 34. Qd2 Bxb3 35. axb3 Rxb3+ 36. Ka2 Qa4# 0-1

[Event "November 21 Early 2023"]
[Site "https://www.chess.com"]
[Date "2023.11.21"]
[Round "7"]
[White "Manukyan, Sargis V."]
[Black "Souleidis, Georgios"]
[Result "0-1"]
[Board "94"]
[TimeControl "180+1"]
[WhiteFideId "13303465"]
[BlackFideId "4206827"]
[WhiteElo "2236"]
[BlackElo "2401"]
[WhiteTeam "ARM"]
[BlackTeam "GRE"]
[WhiteClock "0:00:00"]
[BlackClock "0:00:03"]

1. d4 Nf6 2. c4 g6 3. Nc3 Bg7 4. e4 d6 5. Nf3 O-O 6. Be2 e5 7. O-O Bg4 8. Be3 Bxf3 9. Bxf3 exd4 10. Bxd4 Nc6 11. Be3 Re8 12. Qb3 Ne5 13. Be2 b6 14. h3 Ned7 15. Rad1 Nc5 16. Bxc5 bxc5 17. Qc2 Rb8 18. b3 Qe7 19. Bd3 Qe5 20. f4 Qe7 21. Rde1 Nd7 22. Nd5 Qd8 23. e5 dxe5 24. f5 Nb6 25. Be4 c6 26. fxg6 hxg6 27. Bxg6 fxg6 28. Qxg6 Rf8 29. Qe6+ Kh7 30. Ne7 Qd4+ 31. Kh1 Qh4 32. Ng6 Qh6 33. Nxf8+ Rxf8 34. Qe7 Rxf1+ 35. Rxf1 e4 36. Rf7 e3 37. Qe4+ Kh8 38. Re7 a5 39. Re8+ Bf8 40. Qe5+ Kg8 41. Qe4 Qg5 42. Qe6+ Kg7 43. Qe4 Nd7 44. Rc8 Nf6 45. Qe6 Qg6 46. Qxc6 e2 0-1

[Event "November 21 Early 2023"]
[Site "https://www.chess.com"]
[Date "2023.11.21"]
[Round "7"]
[White "Tasev, Dejan"]
[Black "Swicarz, Maciej"]
[Result "0-1"]
[Board "95"]
[TimeControl "180+1"]
[WhiteFideId "936618"]
[BlackFideId "1113585"]
[WhiteElo "2248"]
[BlackElo "2127"]
[WhiteTeam "SRB"]
[BlackTeam "POL"]
[WhiteClock "0:00:53"]
[BlackClock "0:00:07"]

1. e4 c5 2. Nf3 d6 3. Nc3 Nf6 4. d4 cxd4 5. Nxd4 a6 6. Bc4 e6 7. Bb3 b5 8. a3 Be7 9. f3 O-O 10. Be3 Bd7 11. Qd2 Nc6 12. O-O Rc8 13. Rfd1 Na5 14. Rac1 Qc7 15. Qf2 Nc4 16. Bxc4 Qxc4 17. Nb3 Qc7 18. Rd2 e5 19. Rcd1 Be6 20. Qg3 Qb8 21. Qf2 Rc7 22. Nc1 Rfc8 23. Nd3 Rxc3 24. bxc3 Rxc3 25. Ra1 Bd7 26. Nb4 Qb7 27. Nd5 Nxd5 28. Rxd5 Be6 29. Rd2 Qc6 30. h3 h5 31. Kh2 g6 32. g4 hxg4 33. hxg4 Kf8 34. Kg2 Ke8 35. Rh1 Rxa3 36. Rh8+ Kd7 37. Bh6 Ra2 38. Bf8 Bxf8 39. Rxf8 Ke7 40. Rh8 Qc7 41. Qh4+ Kd7 42. Qf6 Rxc2 43. Rxc2 Qxc2+ 44. Kg3 Qc7 45. Qg7 d5 46. exd5 Bxd5 47. Qf8 e4+ 48. Kh3 exf3 49. Qe8+ Kd6 50. Qe3 f2 51. Qxf2 Qc3+ 52. Qg3+ Qxg3+ 53. Kxg3 b4 54. Kf4 b3 55. Rb8 Kc5 56. Ke5 Bc4 57. Rc8+ Kb4 58. Kd4 Bb5 59. Rc1 b2 60. Rb1 Kb3 61. g5 Kc2 62. Rxb2+ Kxb2 63. Ke5 Bc4 64. Kf6 a5 65. Kg7 a4 66. Kh6 a3 67. Kg7 a2 68. Kf6 a1=Q 69. Kg7 Kc2+ 70. Kh6 Qh1+ 71. Kg7 Qg2 72. Kf6 Qh3 73. Ke7 Qe6+ 74. Kf8 f6 75. Kg7 Qf7+ 76. Kh6 fxg5 77. Kxg5 Qf5+ 78. Kh6 g5 79. Kg7 Qe6 80. Kh7 Bd3+ 81. Kg7 Qg6+ 82. Kf8 Qh7 83. Ke8 Bf5 84. Kd8 Qd7# 0-1

[Event "November 21 Early 2023"]
[Site "https://www.chess.com"]
[Date "2023.11.21"]
[Round "7"]
[White "Bychkov, Vladimir"]
[Black "Gubajdullin, Alexei"]
[Result "1/2-1/2"]
[Board "96"]
[TimeControl "180+1"]
[WhiteFideId "24151513"]
[BlackFideId "4141202"]
[WhiteElo "2224"]
[BlackElo "2280"]
[WhiteTeam "RUS"]
[BlackTeam "RUS"]
[WhiteClock "0:00:04"]
[BlackClock "0:00:11"]

1. e4 g6 2. h4 h6 3. h5 g5 4. d3 Bg7 5. Nc3 c5 6. f4 gxf4 7. Bxf4 Nc6 8. Nf3 d6 9. Qd2 Bf6 10. O-O-O Bg7 11. Be2 Nf6 12. d4 cxd4 13. Nxd4 Nxd4 14. Qxd4 a6 15. Nd5 Be6 16. Qe3 Qa5 17. Qb6 Qxb6 18. Nxb6 Rd8 19. e5 Ng4 20. exd6 Nf2 21. d7+ Bxd7 22. Bc7 Nxh1 23. Bxd8 Ng3 24. Rxd7 Nxe2+ 25. Kd2 Nf4 26. Bxe7 Nxh5 27. Ba3 Bf6 28. Rxb7 Bg5+ 29. Kd3 Nf4+ 30. Ke4 Ne6 31. g4 h5 32. gxh5 Rxh5 33. Nd5 Bd8 34. Ra7 Rh6 35. Kf3 f5 36. Ne7 Nd4+ 37. Kf4 Nb5 38. Nxf5 Rh2 39. Rxa6 Rd2 40. Bb4 Rxc2 41. Nd6+ Nxd6 42. Bxd6 Rxb2 43. Be5 Rb4+ 44. Kf5 Rb6 45. Ra8 Kd7 46. a4 Rb4 47. a5 Ra4 48. a6 Bb6 49. Bf4 Kc6 50. Be5 Kb5 51. a7 Rxa7 52. Rb8 Kc6 53. Rc8+ Kd7 54. Rh8 Kc6 55. Rh6+ Kb5 56. Rh1 Ra5 57. Rb1+ Ka6 58. Ke6 Rb5 59. Rd1 Ra5 60. Bd6 Ra4 61. Kd7 Rc4 62. Ra1+ Kb5 63. Rb1+ Ka6 64. Rb2 Ba5 65. Rb1 Rc2 66. Rb3 Rc4 67. Be5 Rc5 68. Bd4 Rc4 69. Be3 Rb4 70. Rd3 Kb5 71. Kd6 Kc4 72. Rd4+ Kb3 73. Rd1 Bb6 74. Bd2 Rd4+ 75. Kc6 Kc2 76. Rh1 Rxd2 77. Kxb6 Kc3 78. Kc5 Kc2 79. Rh3 Rg2 80. Rh5 Rg4 81. Rd5 Kc3 82. Re5 Kc2 83. Re3 Kd2 84. Re5 Kc2 85. Re3 Kd2 86. Re5 Kc2 1/2-1/2

[Event "November 21 Early 2023"]
[Site "https://www.chess.com"]
[Date "2023.11.21"]
[Round "7"]
[White "ChainedDowntohell"]
[Black "Gutkin, Ilya"]
[Result "1-0"]
[Board "97"]
[TimeControl "180+1"]
[BlackFideId "16203470"]
[WhiteElo "2582"]
[BlackElo "2248"]
[BlackTeam "GER"]
[WhiteClock "0:00:10"]
[BlackClock "0:00:03"]

1. d4 d5 2. c4 e6 3. Nf3 c6 4. g3 dxc4 5. Bg2 b6 6. Ne5 Bb7 7. O-O Nf6 8. Be3 b5 9. a4 a6 10. b3 cxb3 11. Nd2 b2 12. Ra2 Nd5 13. Qb3 Bd6 14. Ne4 Bxe5 15. dxe5 Nxe3 16. Nd6+ Qxd6 17. exd6 Nxf1 18. Qxb2 O-O 19. Kxf1 Nd7 20. h4 f6 21. Qb3 Kf7 22. Qc2 g6 23. axb5 axb5 24. h5 Rxa2 25. Qxa2 Ra8 26. Qb1 b4 27. Be4 f5 28. Qxb4 Ra1+ 29. Kg2 Ba8 30. Bf3 g5 31. g4 fxg4 32. Qxg4 Kf6 33. Qd4+ Ne5 34. Qxa1 g4 35. Qxa8 gxf3+ 36. exf3 1-0

[Event "November 21 Early 2023"]
[Site "https://www.chess.com"]
[Date "2023.11.21"]
[Round "7"]
[White "Osinovsky, Stepan"]
[Black "Santos Flores, Alberto"]
[Result "0-1"]
[Board "98"]
[TimeControl "180+1"]
[WhiteFideId "4157354"]
[BlackFideId "3601234"]
[WhiteElo "2222"]
[BlackElo "2235"]
[WhiteTeam "RUS"]
[BlackTeam "ECU"]
[WhiteClock "0:00:00"]
[BlackClock "0:01:35"]

1. e4 e6 2. d3 d5 3. Nd2 Nf6 4. Ngf3 Nc6 5. g3 dxe4 6. dxe4 e5 7. Bg2 Bc5 8. O-O O-O 9. Qe2 a5 10. Nc4 Qe7 11. Bg5 h6 12. Bxf6 Qxf6 13. Ne3 Bxe3 14. Qxe3 Bg4 15. h3 Bxf3 16. Bxf3 Nd4 17. Bd1 Rad8 18. c3 Ne6 19. Bb3 b6 20. Rfd1 Nc5 21. Bc4 Qg6 22. Re1 Qd6 23. Kg2 Qd2 24. Qe2 Qxe2 25. Rxe2 Rd6 26. Kf3 Rfd8 27. Rae1 Kf8 28. a3 a4 0-1

[Event "November 21 Early 2023"]
[Site "https://www.chess.com"]
[Date "2023.11.21"]
[Round "7"]
[White "Kovalevsky, Stanislav"]
[Black "Kim, Sergey"]
[Result "1-0"]
[Board "99"]
[TimeControl "180+1"]
[WhiteFideId "13508598"]
[BlackFideId "13700570"]
[WhiteElo "2092"]
[BlackElo "2577"]
[WhiteTeam "FID"]
[BlackTeam "KAZ"]
[WhiteClock "0:00:05"]
[BlackClock "0:00:31"]

1. e4 e5 2. Nf3 Nc6 3. Bb5 a6 4. Ba4 Nf6 5. O-O b5 6. Bb3 Bc5 7. d3 d6 8. a4 Rb8 9. axb5 axb5 10. c3 h6 11. Re1 O-O 12. Nbd2 Nh5 13. Nf1 Qf6 14. Be3 Bb6 15. Bxb6 Rxb6 16. d4 Nf4 17. Ng3 Bg4 18. d5 Ne7 19. h3 Nxh3+ 20. Kf1 Ng5 21. Ra7 Nxf3 22. gxf3 Bxf3 23. Qd3 Ng6 24. Rxc7 Bg4 25. Bd1 Nf4 26. Qe3 Bh3+ 27. Kg1 Rbb8 28. Nh5 Nxh5 29. Bxh5 Qh4 30. Bd1 f5 31. Qg3 Qxg3+ 32. fxg3 f4 33. Kh2 Bc8 34. Rc6 Rf6 35. gxf4 exf4 36. e5 dxe5 37. Rxe5 Kf7 38. Bh5+ g6 39. Bf3 Rxc6 40. dxc6 Be6 41. Rc5 h5 42. c7 Rc8 43. Bb7 Kf6 44. Bxc8 Bxc8 45. Rxb5 g5 46. Rb8 Be6 47. Rf8+ Kg6 48. Re8 Bg4 49. c8=Q Bxc8 50. Rxc8 g4 51. b4 h4 52. Rg8+ Kf5 53. b5 f3 54. b6 g3+ 55. Rxg3 hxg3+ 56. Kxg3 Ke4 57. b7 Ke3 58. b8=Q f2 59. Qe5+ 1-0

[Event "November 21 Early 2023"]
[Site "https://www.chess.com"]
[Date "2023.11.21"]
[Round "7"]
[White "Minko, Dmitry"]
[Black "Demin, Vladimir"]
[Result "0-1"]
[Board "100"]
[TimeControl "180+1"]
[WhiteFideId "24188468"]
[BlackFideId "4167457"]
[WhiteElo "1992"]
[BlackElo "2576"]
[WhiteTeam "FID"]
[BlackTeam "RUS"]
[WhiteClock "0:00:25"]
[BlackClock "0:01:46"]

1. e4 e5 2. Nf3 Nc6 3. d4 exd4 4. Nxd4 Nf6 5. Nc3 Bb4 6. Nxc6 bxc6 7. Bd3 d5 8. exd5 cxd5 9. O-O O-O 10. Bg5 c6 11. Qf3 Bd6 12. h3 Rb8 13. b3 Re8 14. Bxf6 Qxf6 15. Qxf6 gxf6 16. Ne2 Kg7 17. Rad1 Bc5 18. Ng3 Re5 19. Rfe1 Bd7 20. Rxe5 fxe5 21. Nh5+ Kh6 22. Nf6 Be6 23. Kf1 e4 24. Be2 Kg6 25. Nh5 Bd6 26. g4 f5 27. f3 Be5 28. Kg2 Rg8 29. Ng3 Kf7 30. Rf1 f4 31. fxe4 dxe4 32. Nxe4 Ke7 33. Rd1 h5 34. g5 Bd5 35. Bf3 Bxe4 36. Bxe4 Rxg5+ 37. Kf2 c5 38. Rg1 Bd4+ 0-1

[Event "November 21 Early 2023"]
[Site "https://www.chess.com"]
[Date "2023.11.21"]
[Round "7"]
[White "LangesNasenhaar"]
[Black "Badelka, Olga"]
[Result "1-0"]
[Board "101"]
[TimeControl "180+1"]
[BlackFideId "13509926"]
[WhiteElo "2437"]
[BlackElo "2262"]
[BlackTeam "FID"]
[WhiteClock "0:00:09"]
[BlackClock "0:00:00"]

1. d4 Nf6 2. Nc3 d5 3. Bf4 a6 4. e3 b5 5. a3 Nbd7 6. Nf3 Bb7 7. b4 Nb6 8. Bd3 Nc4 9. O-O e6 10. Qe2 Bd6 11. Bg5 h6 12. Bh4 g5 13. Bg3 Bxg3 14. hxg3 Qe7 15. e4 dxe4 16. Nxe4 Nxe4 17. Bxe4 Bxe4 18. Qxe4 O-O 19. Rfe1 Qd6 20. c3 Qd5 21. Qxd5 exd5 22. a4 Rfe8 23. Ne5 f6 24. Nc6 Rxe1+ 25. Rxe1 bxa4 26. Ne7+ Kf7 27. Nxd5 a3 28. Ra1 Re8 29. Nxc7 Re2 30. Nxa6 a2 31. b5 Rb2 32. Kh2 Nd2 33. Nb4 Nf1+ 34. Kh3 Rxf2 35. Rxa2 Rf5 36. g4 Rxb5 37. d5 Ne3 38. Rd2 Nc4 39. Rd4 Ne5 40. Nd3 Nd7 41. c4 Rb3 42. Kh2 Rc3 43. Nb4 Ne5 44. d6 1-0

[Event "November 21 Early 2023"]
[Site "https://www.chess.com"]
[Date "2023.11.21"]
[Round "7"]
[White "Yeritsyan, Hayk"]
[Black "Tikhonov, Viacheslav"]
[Result "0-1"]
[Board "102"]
[TimeControl "180+1"]
[WhiteFideId "13307320"]
[BlackFideId "44196407"]
[WhiteElo "2130"]
[BlackElo "2191"]
[WhiteTeam "ARM"]
[BlackTeam "RUS"]
[WhiteClock "0:00:37"]
[BlackClock "0:00:07"]

1. Nf3 g6 2. g3 Bg7 3. Bg2 f5 4. O-O Nf6 5. d3 O-O 6. Nc3 d6 7. e4 e5 8. Re1 Nc6 9. exf5 Bxf5 10. d4 Bg4 11. dxe5 Nxe5 12. Bf4 Nc4 13. Qc1 Qd7 14. Ng5 c6 15. h3 h6 16. hxg4 hxg5 17. Bxg5 Nxg4 18. Re2 Qf5 19. Bf4 g5 20. Be4 Qc5 21. Na4 Qb4 22. Bxg5 Qxa4 23. b3 Qa5 24. bxc4 Bxa1 25. Bd2 Qh5 26. f4 Bd4+ 27. Kf1 Nh2+ 28. Ke1 Nf3+ 29. Bxf3 Qxf3 30. Be3 Bxe3 31. Rxe3 Rae8 32. Rxe8 Rxe8+ 33. Kd2 Qe3+ 34. Kd1 Qe1# 0-1

[Event "November 21 Early 2023"]
[Site "https://www.chess.com"]
[Date "2023.11.21"]
[Round "7"]
[White "Pace, Christopher"]
[Black "Shuvalov, Evgenij"]
[Result "0-1"]
[Board "103"]
[TimeControl "180+1"]
[WhiteFideId "2610167"]
[BlackFideId "4187237"]
[WhiteElo "2432"]
[BlackElo "2059"]
[WhiteTeam "CAN"]
[BlackTeam "FID"]
[WhiteClock "0:00:06"]
[BlackClock "0:00:48"]

1. e4 e6 2. d3 d5 3. Nd2 c5 4. g3 Nc6 5. Bg2 Nf6 6. Ngf3 Be7 7. O-O O-O 8. Re1 b5 9. e5 Nd7 10. Nf1 a5 11. h4 a4 12. N1h2 a3 13. bxa3 c4 14. d4 Bxa3 15. Bf4 Bb2 16. Rb1 Rxa2 17. h5 Qb6 18. Rxb2 Rxb2 19. Qa1 Rxc2 20. Qb1 Rc3 21. Ng5 Rd3 22. Bf1 h6 23. Bxd3 hxg5 24. Bh7+ Kh8 25. Bxg5 Qxd4 26. Nf3 Qg4 27. Kg2 Ncxe5 28. Nxe5 Qxg5 29. f4 Qh6 30. Bg6 Nxe5 31. fxe5 fxg6 32. hxg6 Kg8 33. Qc2 Rf5 34. Rh1 Qxg6 0-1

[Event "November 21 Early 2023"]
[Site "https://www.chess.com"]
[Date "2023.11.21"]
[Round "7"]
[White "elmusmolamas"]
[Black "Darmanin, Jake"]
[Result "1-0"]
[Board "104"]
[TimeControl "180+1"]
[BlackFideId "5601061"]
[WhiteElo "2545"]
[BlackElo "2119"]
[BlackTeam "MLT"]
[WhiteClock "0:01:04"]
[BlackClock "0:00:20"]

1. e4 e5 2. Nf3 Nc6 3. Bc4 Nf6 4. d3 h6 5. c3 d6 6. Bb3 Bd7 7. Nbd2 Qe7 8. Nc4 O-O-O 9. Ne3 g6 10. a4 Bg7 11. a5 a6 12. Bc4 Qf8 13. b4 Ne7 14. Qb3 Ng4 15. b5 Bxb5 16. Bxb5 axb5 17. Qxb5 Nxe3 18. Bxe3 Qe8 19. Qb3 d5 20. O-O Qc6 21. Rfb1 dxe4 22. dxe4 Rhf8 23. a6 bxa6 24. Qb8+ Kd7 25. Rd1+ Nd5 26. Rxd5+ Qxd5 27. Qxd8+ Rxd8 28. exd5 Ra8 29. c4 Kd6 30. Ra5 g5 31. g4 c6 32. Nd2 cxd5 33. cxd5 f6 34. Nc4+ Kc7 35. Rc5+ Kb7 36. Nd6+ Kb6 37. Rc8+ 1-0

[Event "November 21 Early 2023"]
[Site "https://www.chess.com"]
[Date "2023.11.21"]
[Round "7"]
[White "Deng, Henry"]
[Black "Spichkin, Alexander"]
[Result "1-0"]
[Board "105"]
[TimeControl "180+1"]
[WhiteFideId "30965454"]
[BlackFideId "4144074"]
[WhiteElo "2544"]
[BlackElo "1968"]
[WhiteTeam "USA"]
[BlackTeam "RUS"]
[WhiteClock "0:01:32"]
[BlackClock "0:01:22"]

1. e4 e5 2. Nf3 d5 3. exd5 e4 4. Qe2 Nf6 5. Nc3 Be7 6. Nxe4 Nxd5 7. Qb5+ c6 8. Qb3 O-O 9. d3 Re8 10. Be2 Bb4+ 11. c3 f5 12. cxb4 fxe4 13. dxe4 Rxe4 14. Qc2 Qe8 15. Ng5 Re5 16. Qxh7+ Kf8 17. Qh8+ Ke7 18. Qxg7+ Kd6 19. Nf7+ Kc7 20. Qxe5+ Qxe5 21. Nxe5 Nxb4 22. O-O Nc2 23. Rb1 Bf5 24. Bf4 Kb6 25. Bd3 Bxd3 26. Nxd3 Nd7 27. Rfc1 Nd4 28. Be3 1-0

[Event "November 21 Early 2023"]
[Site "https://www.chess.com"]
[Date "2023.11.21"]
[Round "7"]
[White "Marchesich, Giovanni"]
[Black "Gavrilov, Maxim"]
[Result "1-0"]
[Board "106"]
[TimeControl "180+1"]
[WhiteFideId "2824790"]
[BlackFideId "24271454"]
[WhiteElo "2198"]
[BlackElo "2157"]
[WhiteTeam "ITA"]
[BlackTeam "RUS"]
[WhiteClock "0:00:51"]
[BlackClock "0:00:01"]

1. e4 c5 2. Nf3 d6 3. d4 cxd4 4. Nxd4 Nf6 5. Nc3 a6 6. Bc4 e6 7. Bb3 Be7 8. g4 Nc6 9. g5 Nxd4 10. Qxd4 Nh5 11. Rg1 b5 12. Be3 Bb7 13. O-O-O Rc8 14. Kb1 Qa5 15. f4 b4 16. Na4 Bc6 17. Nb6 Rd8 18. Nc4 Qc7 19. f5 e5 20. Qd2 a5 21. Bb6 Qb8 22. Bxd8 Kxd8 23. Nxd6 Bxd6 24. Qxd6+ Qxd6 25. Rxd6+ Kc7 26. Rd2 Bxe4 27. Bxf7 Nf4 28. f6 gxf6 29. gxf6 Rf8 30. Bc4 Rxf6 31. Re1 Bc6 32. Rxe5 Kb6 33. a3 bxa3 34. bxa3 h5 35. Rf2 h4 36. Rg5 h3 37. Rg4 Nd5 38. Rxf6 Nxf6 39. Rh4 Kc5 40. Be6 Ne4 41. Bxh3 Nd2+ 42. Kb2 Nc4+ 43. Rxc4+ Kxc4 44. Be6+ Kd4 45. h4 Ke5 46. Bg4 Kf4 47. Bd1 Be4 48. h5 Ke5 49. Kb3 Kd4 50. Ka4 Kc5 51. Kxa5 Bf5 52. a4 Be4 53. c3 Bf5 54. Be2 Be4 55. Ka6 Kc6 56. a5 Kc5 57. Bb5 Bf3 58. Be8 Be4 59. Bg6 Bc6 60. h6 Kd6 61. h7 1-0

[Event "November 21 Early 2023"]
[Site "https://www.chess.com"]
[Date "2023.11.21"]
[Round "7"]
[White "aghasiyevkamal"]
[Black "Goldin, Roman"]
[Result "1-0"]
[Board "107"]
[TimeControl "180+1"]
[BlackFideId "2803860"]
[WhiteElo "2536"]
[BlackElo "2312"]
[BlackTeam "ISR"]
[WhiteClock "0:00:25"]
[BlackClock "0:00:00"]

1. e4 Nc6 2. Nf3 e5 3. Nc3 g6 4. d4 exd4 5. Nxd4 Bg7 6. Be3 Nf6 7. Bc4 O-O 8. O-O Re8 9. Re1 Nxe4 10. Nxe4 Rxe4 11. Bxf7+ Kh8 12. Bd5 Rxd4 13. Bxd4 Nxd4 14. Bf7 Qf6 15. Re8+ Bf8 16. Rxf8+ Kg7 17. Rxc8 Rxc8 18. Bc4 Rf8 19. Qd2 c6 20. c3 d5 21. Bxd5 cxd5 22. cxd4 Re8 23. Rc1 Re4 24. Rc7+ Kg8 25. Qc3 Qxd4 26. g3 1-0

[Event "November 21 Early 2023"]
[Site "https://www.chess.com"]
[Date "2023.11.21"]
[Round "7"]
[White "Tologon tegin, Semetei"]
[Black "Kozelov, Roman"]
[Result "1-0"]
[Board "108"]
[TimeControl "180+1"]
[WhiteFideId "13800574"]
[BlackFideId "14133377"]
[WhiteElo "2258"]
[BlackElo "2149"]
[WhiteTeam "KGZ"]
[BlackTeam "UKR"]
[WhiteClock "0:02:01"]
[BlackClock "0:01:05"]

1. b3 b5 2. Bb2 Bb7 3. e3 b4 4. Nf3 Nf6 5. d4 e6 6. a3 a5 7. c4 d5 8. c5 Be7 9. axb4 axb4 10. Rxa8 Bxa8 11. Nbd2 Nc6 12. Bb5 O-O 13. O-O Qb8 14. Qe2 Ne4 15. Nxe4 dxe4 16. Nd2 Na7 17. Bc4 Bd5 18. Ra1 f5 19. Bxd5 exd5 20. Qa6 Nc8 21. Qc6 Rd8 22. Ra8 Na7 23. Qe6+ Kf8 24. Rxb8 1-0

[Event "November 21 Early 2023"]
[Site "https://www.chess.com"]
[Date "2023.11.21"]
[Round "7"]
[White "Herman, Daniel"]
[Black "Bilan, Danila"]
[Result "1-0"]
[Board "109"]
[TimeControl "180+1"]
[WhiteFideId "30935008"]
[BlackFideId "24161918"]
[WhiteElo "1897"]
[BlackElo "2146"]
[WhiteTeam "USA"]
[BlackTeam "RUS"]
[WhiteClock "0:00:05"]
[BlackClock "0:00:00"]

1. c4 c6 2. d4 d5 3. cxd5 cxd5 4. Bg5 Nf6 5. Bxf6 gxf6 6. e3 Nc6 7. Nc3 e6 8. Nge2 Bd6 9. g3 Ne7 10. Bg2 Ng6 11. Rc1 Bd7 12. Qb3 Bc6 13. h4 f5 14. h5 Nf8 15. Bf3 Nd7 16. Nf4 Nf6 17. Kf1 O-O 18. Nd3 Kh8 19. Ke2 a6 20. Na4 Bb5 21. Nc5 Qe7 22. a4 Bc4 23. Rxc4 dxc4 24. Qxc4 b5 25. axb5 axb5 26. Qxb5 Rfb8 27. Qc4 Ra7 28. Rc1 Kg7 29. b4 Nd7 30. b5 Nb6 31. Qb3 Rc7 32. Ra1 Ra7 33. Ra6 Rc7 34. Qc3 h6 35. Qa5 Nc4 36. Qa4 Nb6 37. Qa5 Nc4 38. Qc3 Nb6 39. Bc6 Nd5 40. Bxd5 exd5 41. b6 Rc6 42. Qb3 Qf6 43. Qxd5 Bxc5 44. dxc5 Rb7 45. Kf3 f4 46. Nxf4 1-0

[Event "November 21 Early 2023"]
[Site "https://www.chess.com"]
[Date "2023.11.21"]
[Round "7"]
[White "Sliwicki, Damian"]
[Black "Lund, Gunnar"]
[Result "0-1"]
[Board "110"]
[TimeControl "180+1"]
[WhiteFideId "1127128"]
[BlackFideId "1520814"]
[WhiteElo "1992"]
[BlackElo "2233"]
[WhiteTeam "POL"]
[BlackTeam "NOR"]
[WhiteClock "0:00:01"]
[BlackClock "0:00:18"]

1. e4 e6 2. Nc3 d5 3. d4 Nf6 4. Bg5 dxe4 5. Bxf6 gxf6 6. Nxe4 f5 7. Ng3 c5 8. Nf3 Nc6 9. Bb5 Qa5+ 10. Qd2 Qxb5 11. O-O-O Qa5 12. Qg5 Qxa2 13. Rhe1 cxd4 14. Nxd4 Qa1+ 15. Kd2 Bb4+ 16. Ke2 Nxd4+ 17. Ke3 Nxc2+ 18. Kf4 Bd6+ 19. Rxd6 Qa4+ 20. Ke5 Bd7 21. Red1 Qb5+ 22. Kf4 Qc4+ 23. Ke5 Qc5+ 24. Kf4 Qxf2+ 25. Ke5 f6+ 26. Kxf6 Rf8+ 27. Kg7 Rf7+ 28. Kg8 Qe3 29. Qh4 Qh6 30. Qxh6 Ke7+ 31. Qf8+ Raxf8# 0-1